 Dungeon Crawl Stone Soup version 0.21-a0-270-g8204059 (webtiles) character file.

122 motkurip the Skirmisher (level 4, 0/36 HPs)
             Began as a Demonspawn Monk on Sept 14, 2017.
             Slain by Grinder (6 damage)
             ... while paralysed by Grinder
             ... on level 3 of the Dungeon.
             The game lasted 00:05:26 (1240 turns).

motkurip the Skirmisher (Demonspawn Monk)           Turns: 1240, Time: 00:05:27

Health: 0/36       AC:  9    Str: 12    XL:     4   Next: 78%
Magic:  4/4        EV:  2    Int: 12    God:
Gold:   118        SH:  0    Dex: 15    Spells: 3/3 levels left

rFire    + . .     SeeInvis .   f - +1 dagger (elec)
rCold    + . .     Gourm    .   (no shield)
rNeg     . . .     Faith    .   l - +0 chain mail
rPois    +         Spirit   .   (no helmet)
rElec    .         Reflect  .   h - scarf {rC+ rF+}
rCorr    .         Harm     .   s - +0 pair of gloves
MR       .....                  (no boots)
Stlth    ..........             (no amulet)
HPRegen  0.12/turn              p - ring of poison resistance
MPRegen  0.09/turn              (no ring)

@: paralysed
A: hooves 2
a: no special abilities


You were on level 3 of the Dungeon.
You were not hungry.

You visited 1 branch of the dungeon, and saw 3 of its levels.

You collected 118 gold pieces.

Inventory:

Hand Weapons
 f - a +1 dagger of electrocution (weapon)
 g - a +2 dagger of venom
Missiles
 d - 5 tomahawks (quivered)
Armour
 a - a +0 robe
 h - a scarf of resistance (worn)
 l - a +0 chain mail (worn)
 m - a +0 ring mail
 s - a +0 pair of gloves (worn)
Jewellery
 p - a ring of poison resistance (left hand)
Scrolls
 c - a scroll of amnesia {unknown}
 e - 3 scrolls of identify {unknown}
 i - 2 scrolls of teleportation {unknown}
 k - a scroll of noise {unknown}
 o - 2 scrolls of blinking {unknown}
Potions
 j - a potion of heal wounds {unknown}
 n - a potion of curing {unknown}
 q - a potion of might
 r - a potion of ambrosia {unknown}
Comestibles
 b - 2 bread rations


   Skills:
 + Level 3.6 Fighting
 * Level 2.2 Short Blades
 + Level 1.8 Armour
 - Level 3.0 Dodging
 - Level 1.7 Stealth
 - Level 3.0 Unarmed Combat


You had 3 spell levels left.
You didn't know any spells.

Dungeon Overview and Level Annotations

Branches:
Dungeon (3/15)

Altars:
The Shining One

Annotations:
D:3 Grinder


Innate Abilities, Weirdness & Mutations

You have hoof-like feet.


Message History

You hit Grinder but do no damage. Lightning courses through Grinder!
You kick Grinder.
Grinder is severely wounded.
Grinder hits you.
You writhe in agony.
Your chain mail prevents you from hitting Grinder.
Your kick misses Grinder.
Grinder is severely wounded.
Grinder hits you.
You writhe in agony.
You closely miss Grinder. Your kick misses Grinder.
Grinder is severely wounded.
Grinder gestures at you.
You suddenly lose the ability to move!
Grinder hits you but does no damage. Grinder hits you!
* * * LOW HITPOINT WARNING * * *
Grinder hits you but does no damage. Grinder hits you.
* * * LOW HITPOINT WARNING * * *
You writhe in agony.
You die...

#.# ## ##.## #.
###...###########.
#...#.............
#.#...#.##########
#†##.##.#
######.##.##.#
#......##.##.#
#.#...@5..##.#
#.########.. #.#
### #.# #.# # #.#
# #.# # ... # #.#
#


You could see Grinder.

Vanquished Creatures
  Natasha (twice) (D:3)
  An adder (D:3)
  3 worms (D:2)
  A dart slug (D:1)
  A leopard gecko (D:2)
  3 bats (D:3)
  6 giant cockroaches
  9 goblins
  5 hobgoblins
  3 jackals (D:3)
  4 kobolds
  A quokka (D:2)
  3 ball pythons
  2 frilled lizards (D:2)
  5 rats
49 creatures vanquished.

Notes
Turn   | Place    | Note
-------+----------+-------------------------------------------
     0 | D:1      | motkurip the Demonspawn Monk began the quest for the Orb.
     0 | D:1      | Reached XP level 1. HP: 18/18 MP: 1/1
    91 | D:1      | Gained mutation: You have large cloven feet. [demonic ancestry]
    91 | D:1      | Reached XP level 2. HP: 11/24 MP: 2/2
   373 | D:1      | Reached skill level 1 in Short Blades
   499 | D:2      | Reached XP level 3. HP: 21/29 MP: 3/3
   802 | D:3      | Noticed Natasha
   820 | D:3      | Reached skill level 1 in Armour
   842 | D:3      | Killed Natasha
   842 | D:3      | Gained mutation: You have hoof-like feet. [demonic ancestry]
   842 | D:3      | Reached XP level 4. HP: 9/35 MP: 4/4
   892 | D:3      | Noticed Natasha
   902 | D:3      | Killed Natasha
  1055 | D:2      | Found a glowing golden altar of the Shining One.
  1227 | D:3      | Noticed Grinder
  1236 | D:3      | Paralysed by Grinder for 6 turns
  1240 | D:3      | Slain by Grinder

Vault maps used:
D:1:      nicolae_arrival_somewhat_less_tricky_arrival
D:2:      lemuel_coloured_pillars_altar, first_bread
D:3:      serial_glass, glass_columns_b, glass_columns_a, minmay_cut_off,
          uniq_grinder, uniq_natasha, uniq_crazy_yiuf_cottage

Skill      XL: |  1  2  3 |
---------------+----------+-----
Unarmed Combat | 3 |  3.0
Short Blades   | 1 2 |  2.2
Dodging        | 3 |  3.0
Armour         | 1 |  1.8
Fighting       | |  3.6
Stealth        | |  1.7

Action                   |  1- 3 |  4- 6 || total
-------------------------+-------+-------++-------
Melee: Unarmed           |    15 |       ||    15
       Dagger            |   115 |    31 ||   146
       Punch             |     2 |       ||     2
       Kick              |    22 |     7 ||    29
  Eat: Chunk             |       |     1 ||     1
Armor: Robe              |    10 |       ||    10
       Chain mail        |    36 |    19 ||    55
Dodge: Dodged            |    39 |    14 ||    53

Table legend:
 A = Spawn XP
 B = Non-spawn XP
 C = Spawn XP percentage of total XP
 D = Spawn monster count
 E = Non-spawn monster count
 F = Spawn count percentage of total count
 G = Total turns spent on level
                    A         B        C        D         E        F      G
               +---------+---------+-------+---------+---------+-------+---------
         Total |       0 |     175 |   0.0 |       0 |      49 |   0.0 |  1240
               +---------+---------+-------+---------+---------+-------+---------
           D:1 |       0 |      31 |   0.0 |       0 |      17 |   0.0 |   431
           D:2 |       0 |      36 |   0.0 |       0 |      15 |   0.0 |   518
           D:3 |       0 |     108 |   0.0 |       0 |      17 |   0.0 |   291
               +---------+---------+-------+---------+---------+-------+---------
